 Dungeon Crawl Stone Soup version 0.30-b1-2-g02819fbbbe (webtiles) character file.

Game seed: 9650092133522680194

522 LLlMATKO the Chopper (level 7, -6/93 HPs)
             Began as a Minotaur Berserker on June 26, 2023.
             Was a Priest of Trog.
             Mangled by a gnoll
             ... wielding a +1 halberd of holy wrath
             ... led by a gnoll bouda
              (7 damage)
             ... on level 4 of the Dungeon.
             The game lasted 00:02:38 (2970 turns).

LLlMATKO the Chopper (Minotaur Berserker)           Turns: 2970, Time: 00:02:39

Health: -6/93      AC:  7    Str: 24    XL:     7   Next: 1%
Magic:  0/6        EV: 12    Int:  4    God:    Trog [***...]
Gold:   123        SH:  0    Dex:  9    Spells: 6/6 levels left

rFire   . . .        a - +0 hand axe
rCold   . . .        (no shield)
rNeg    . . .        m - +0 ring mail
rPois   .            (helmet restricted)
rElec   .            (no cloak)
rCorr   .            (no gloves)
SInv    .            f - +0 pair of boots
Will    .....        x - amulet of guardian spirit Stlth
                     (no ring)
HPRegen 0.35/turn    (no ring)
MPRegen 0.10/turn

%: guardian spirit
@: berserking, very quick
A: horns 2, retaliatory headbutt
a: Renounce Religion, Berserk, Trog's Hand


You were on level 4 of the Dungeon.
You worshipped Trog.
Trog was most pleased with you.
You visited 1 branch of the dungeon, and saw 4 of its levels.

You collected 123 gold pieces.

Inventory:

Hand Weapons
 a - a +0 hand axe (weapon)
Missiles
 r - 3 silver boomerangs (quivered)
Armour
 f - a +0 pair of boots (worn)
 m - a +0 ring mail (worn)
Jewellery
 s - a ring of resist corrosion
 x - an amulet of guardian spirit (around neck)
Wands
 b - a wand of quicksilver (25)
Scrolls
 c - 3 scrolls of fog {unknown}
 d - a scroll of noise {unknown}
 h - 5 scrolls of torment {unknown}
 j - 2 scrolls of immolation {unknown}
 k - 2 scrolls of identify {unknown}
 o - a scroll of enchant armour {unknown}
 p - a scroll of enchant weapon {unknown}
 t - a scroll of teleportation {unknown}
Potions
 e - a potion of berserk rage {unknown}
 g - a potion of curing {unknown}
 i - 2 potions of degeneration {unknown}
 l - a potion of flight {unknown}
 n - a potion of lignification {unknown}
 u - a potion of heal wounds {unknown}
 v - a potion of attraction {unknown}
 w - a potion of ambrosia {unknown}


   Skills:
 + Level 5.7 Fighting
 + Level 5.7 Axes
 + Level 5.0 Armour
 + Level 4.5 Dodging


You had 6 spell levels left.
You didn't know any spells.
Your spell library was empty.

Dungeon Overview and Level Annotations

Branches:
Dungeon (4/15)
 Temple: D:4-7

Altars:
Cheibriados
Dithmenos
Hepliaklqana
Kikubaaqudgha
Nemelex Xobeh
Uskayaw
Vehumet
Xom
Yredelemnul
Zin

Shops:
D:1 (   D:3 *


Innate Abilities, Weirdness & Mutations

You have a pair of horns on your head.
You reflexively headbutt those who attack you in melee.


Message History

You hit the gnoll bouda. The gnoll bouda barely misses you.
The gnoll closely misses you.
Unknown command.
You barely miss the gnoll. You hit the gnoll bouda.
The gnoll hits you from afar with a +1 halberd of holy wrath!
* * * LOW HITPOINT WARNING * * *
The gnoll barely misses you.
Unknown command.
You barely miss the gnoll. You hit the gnoll bouda.
The gnoll bouda prays to its god.
The gnoll bouda is healed somewhat.
The gnoll closely misses you.
The gnoll hits you but does no damage. x2
Unknown command.
You barely miss the gnoll. You hit the gnoll bouda.
The gnoll bouda hits you with a +0 whip.
* * * LOW HITPOINT WARNING * * *
The gnoll hits you from afar with a +0 spear.
* * * LOW HITPOINT WARNING * * *
Unknown command.
You barely miss the gnoll. You hit the gnoll bouda.
The gnoll closely misses you. The gnoll hits you with a +0 club.
* * * LOW HITPOINT WARNING * * *
Unknown command.
You barely miss the gnoll. You hit the gnoll bouda.
The gnoll bouda closely misses you.
The gnoll hits you from afar with a +0 spear.
The gnoll completely misses you. x2
Unknown command.
You barely miss the gnoll. You slash the gnoll bouda!
You kill the gnoll bouda!
Trog accepts your kill.
The gnoll hits you from afar with a +0 spear.
* * * LOW HITPOINT WARNING * * *
Your Armour skill increases to level 5!
You have reached level 7!
You slash the gnoll!
You kill the gnoll!
Trog accepts your kill.
The gnoll hits you from afar with a +1 halberd of holy wrath!
You die... #...
P.P.) #.## .._...#### #. .P.P...=.# ..# #.# .........# ..# #.PPP

#.#.#....###... ~P~~~
#..........##.#
##~~~♣~
#...g)....##.####~PP♣
♣
#....)@...##.##.P.~♣♣
♣
#..##g..##.##.#..PPP~♣
#...##".......~~P♣♣♣
#...##.##.....~P~♣♣P
######.#.......P~~~P
#.#.#......P~P~
#.#............
..###........## ###
#.......##


You could see 2 gnolls.

Vanquished Creatures
  An ogre (D:4)
  A phantom (D:4)
  A scorpion (D:4)
  A howler monkey (D:4)
  3 hounds (D:4)
  A gnoll bouda (D:4)
  An orc wizard (D:2)
  Robin (D:3)
  A gnoll (D:4)
  3 adders (D:2)
  3 worms
  3 dart slugs
  2 orcs (D:2)
  6 ball pythons
  5 endoplasms
  4 giant cockroaches
  13 goblins
  6 hobgoblins
  4 quokkas
  3 bats
  5 frilled lizards
  6 kobolds
  4 rats
78 creatures vanquished.

Vanquished Creatures (others)
  34 plants (D:4)
34 creatures vanquished.

Grand Total: 112 creatures vanquished

Notes
Turn   | Place    | Note
-------+----------+-------------------------------------------
     0 | D:1      | LLlMATKO the Minotaur Berserker began the quest for the
                  | Orb.
     0 | D:1      | Reached XP level 1. HP: 19/19 MP: 0/0
    83 | D:1      | Reached XP level 2. HP: 17/27 MP: 1/1
   368 | D:1      | Reached ** piety under Trog
   500 | D:1      | Found Yxahav's Weapon Emporium.
   502 | D:1      | Reached XP level 3. HP: 33/33 MP: 2/2
  1315 | D:2      | Reached XP level 4. HP: 34/41 MP: 3/3
  1786 | D:3      | Noticed Robin
  1796 | D:3      | Killed Robin
  1899 | D:3      | Found Gaschui's General Store.
  2058 | D:3      | Reached *** piety under Trog
  2059 | D:3      | Reached XP level 5. HP: 47/47 MP: 4/4
  2123 | D:3      | Found a glowing silver altar of Zin.
  2123 | D:3      | Found an ancient bone altar of Kikubaaqudgha.
  2127 | D:3      | Found a shadowy altar of Dithmenos.
  2128 | D:3      | Found a shimmering altar of Xom.
  2130 | D:3      | Found a sparkling altar of Nemelex Xobeh.
  2130 | D:3      | Found a radiant altar of Vehumet.
  2131 | D:3      | Found a hazy altar of Hepliaklqana.
  2133 | D:3      | Found a snail-covered altar of Cheibriados.
  2137 | D:3      | Found a hide-covered altar of Uskayaw.
  2534 | D:4      | Reached skill level 5 in Fighting
  2534 | D:4      | Reached skill level 5 in Axes
  2534 | D:4      | Reached XP level 6. HP: 47/56 MP: 5/5
  2955 | D:4      | Found a basalt altar of Yredelemnul.
  2967 | D:4      | HP: 4/85 [gnoll/+0 club[a gnoll bouda] (6)]
  2969 | D:4      | HP: 1/85 [gnoll/+0 spear[a gnoll bouda] (3)]
  2970 | D:4      | Reached skill level 5 in Armour
  2970 | D:4      | Reached XP level 7. HP: 1/62 MP: 0/6
  2970 | D:4      | Mangled by a gnoll

Illustrated notes

Levels and vault maps discovered:
D:1:      onia_arrival_handbag, layout_loops_ring, serial_shops, shop
D:2:      layout_loops_corners
D:3:      layout_basic, nicolae_overflow_hallway_of_the_gods, serial_shops,
          nicolae_shop_tiny_statue_garden, uniq_robin
D:4:      layout_loops_corners, yredelemnul_altar_generic, serial_bayou,
          serial_bayou_lagoon_a, serial_bayou_shore_a, serial_bayou_pond_c,
          serial_bayou_pond_d

Skill      XL: |  1  2  3  4  5  6 |
---------------+-------------------+-----
Fighting       | 4 5 |  5.7
Axes           | 4 5 |  5.7
Armour         | 3 4 5 |  5.0
Dodging        | 3 4 |  4.5

Action                     |  1- 3 |  4- 6 |  7- 9 || total
---------------------------+-------+-------+-------++-------
  Melee: Hand axe          |    78 |   130 |     1 ||   209
         Punch             |     3 |       |       ||     3
         Headbutt          |    10 |    19 |       ||    29
 Invoke: Berserk           |       |     1 |       ||     1
   Stab: Sleeping          |     1 |       |       ||     1
 Armour: Animal skin       |    16 |     3 |       ||    19
         Ring mail         |       |    33 |       ||    33
  Dodge: Dodged            |    45 |    67 |       ||   112
